 Dungeon Crawl Stone Soup version 0.31-a0-765-g67fe2935dc (webtiles) character file.

Game seed: 7487396909702789991

1611 randomguy2701 the Thaumaturge (level 8, -10/43 HPs)
             Began as a Deep Elf Conjurer on Sept 15, 2023.
             Killed from afar by Dowan (13 damage)
             ... with a shard of ice
             ... on level 5 of the Dungeon.
             The game lasted 00:11:42 (6860 turns).

randomguy2701 the Thaumaturge (Deep Elf Conjurer)   Turns: 6860, Time: 00:11:43

Health: -10/43     AC:  5    Str:  4    XL:     8   Next: 63%
Magic:  1/23       EV: 13    Int: 26    God:
Gold:   288        SH:  0    Dex: 13    Spells: 20/26 levels left

rFire   . . .        (no weapon)
rCold   . . .        (no shield)
rNeg    . . .        w - +0 steam dragon scales
rPois   .            (no helmet)
rElec   .            (no cloak)
rCorr   .            (no gloves)
SInv    .            (no boots)
Will    .....        (no amulet)
Stlth   +++          i - ring of wizardry
HPRegen 0.27/turn    (no ring)
MPRegen 0.18/turn

%: wizardry (x1)
@: no status effects
A: no striking features
a: no special abilities


You were on level 5 of the Dungeon.
You visited 1 branch of the dungeon, and saw 5 of its levels.
You also visited: Sewer.

You collected 288 gold pieces.

Inventory:

Armour
 a - a +0 robe
 n - a +2 helmet
 w - +0 steam dragon scales (worn)
Magical Staves
 g - a staff of death
Jewellery
 e - an amulet of faith
 i - a ring of wizardry (left hand)
 l - a ring of ice
 v - a ring of magical power
Wands
 r - a wand of digging (6)
 t - a wand of quicksilver (3)
Scrolls
 d - 8 scrolls of teleportation {unknown}
 h - 4 scrolls of acquirement {unknown}
 k - a scroll of vulnerability {unknown}
 q - a scroll of blinking {unknown}
 u - 2 scrolls of identify {unknown}
 y - a scroll of fog {unknown}
Potions
 b - a potion of magic
 c - a potion of resistance {unknown}
 f - a potion of berserk rage {unknown}
 j - 2 potions of lignification {unknown}
 o - 3 potions of enlightenment
 p - a potion of might {unknown}
 s - 2 potions of curing {unknown}
 x - a potion of mutation {unknown}


   Skills:
 + Level 1.3 Fighting
 + Level 3.3 Dodging
 + Level 4.9 Stealth
 + Level 9.5 Spellcasting
 + Level 9.2 Conjurations
 + Level 0.4 Hexes


You had 20 spell levels left.
You knew the following spells:

 Your Spells              Type           Power      Damage    Failure   Level
a - Magic Dart            Conj           100%       1d8       1%          1
b - Searing Ray           Conj           100%       2d8       1%          2
c - Dazzling Flash        Conj/Hex       74%        N/A       1%          3

Your spell library contained the following spells:

 Spells                   Type           Power      Damage    Failure   Level
 Fulminant Prism          Conj/Hex       18%        3d10      2%          4
 Iskenderun's Mystic Bla  Conj/Tloc      36%        2d9       3%          4
 Volatile Blastmotes      Fire/Tloc      24%        2d12      6%          3
 Plasma Beam              Fire/Air       6%         2x1d16    95%         6
 Malign Gateway           Summ/Tloc      6%         N/A       100%        7


Dungeon Overview and Level Annotations

Branches:
Dungeon (5/15)             Temple (0/1) D:4           Sewer (visited)

Altars:
Sif Muna

Shops:
D:5 *

Annotations:
D:5 Dowan, Ijyb


Message History

The shard of ice hits you!
Casting: Dazzling Flash (safe; 1% risk of failure)
Confirm with . or Enter, or press ? or * to list all spells.
You don't know that spell.
Okay, then.
Okay, then.
Sorry, you're not good enough to have a special ability.
Unknown command.
Dowan hits you with a +4 antimagic dagger.
You feel your power leaking away.
Casting: Dazzling Flash (safe; 1% risk of failure)
Confirm with . or Enter, or press ? or * to list all spells.
You don't have enough magic to cast this spell.
Dowan attacks as he pursues you!
Dowan hits you with a +4 antimagic dagger.
* * * LOW HITPOINT WARNING * * *
Dowan gestures wildly while chanting.
Dowan blinks!
Aiming: Quicksilver Bolt
Press: ? - help, Q - select action, (/) - cycle Shift-Dir - straight line, f - Dowan
Aim: Dowan, wielding a +4 antimagic dagger and wearing a +0 robe (fast, 60% to hit)
The bolt of dispelling energy misses Dowan.
Dowan casts a spell at you. The stone arrow hits you!
* * * LOW HITPOINT WARNING * * *
Dowan hits you with a +4 antimagic dagger.
* * * LOW HITPOINT WARNING * * *
Casting: Dazzling Flash (safe; 1% risk of failure)
Confirm with . or Enter, or press ? or * to list all spells.
Casting: Dazzling Flash (safe; 1% risk of failure)
Press: ? - help, Dir - look around, f - activate Dowan is dazzled.
Dowan points at you and mumbles some strange words.
The shard of ice misses you.
Dowan gestures wildly while chanting.
Dowan blinks!
Dowan is no longer blind.
Dowan casts a spell at you. The shard of ice hits you!
You die...

#)# ##.#.# #.####
#)# #....# #....#
#)# #..#.# #.##.#
###########.#
#<.#.# #.##.#
............#
#.##.#######.##.#
####>########
#.##.........##.##
.....e#
#.#########.<.....
####<.# #.#
#####.##(## #..#
#@## #...#.##.#.
#..# #..#
#.#...##... #e.#
#..# #...####..#
#..#### # #..#
##.##...###
##@....###.# #.e#
#e##~~≈≈≈≈
.....###....#.
#..# #.##...###
.###.# #..##.#
#..# #§###.## .#
#.###..##.# #..#
#.##..#
.###......##.#
#..# #.##.#####


You could see Dowan (fast).

Vanquished Creatures
  Eustachio (D:5)
  A steam dragon (D:5)
  Menkaure (D:4)
  Duvessa (D:5)
  An ice beast (D:4)
  An ogre (D:5)
  A phantom (D:5)
  Blork the orc (D:4)
  2 kobold brigands
  2 scorpions (D:5)
  A hound (D:5)
  2 jellies
  2 orc priests
  4 orc wizards
  2 iguanas
  7 gnolls
  An adder (D:5)
  2 river rats (Sewer)
  A white imp (D:5)
  An ufetubus (D:5)
  2 worms
  6 dart slugs
  19 orcs
  9 endoplasms
  3 giant cockroaches
  6 goblins
  6 hobgoblins
  6 jackals
  2 quokkas
  2 ball pythons
  5 bats
  2 frilled lizards (D:3)
  26 kobolds
  9 rats
138 creatures vanquished.

Notes
Turn   | Place    | Note
-------+----------+-------------------------------------------
     0 | D:1      | randomguy2701 the Deep Elf Conjurer began the quest for the
                  | Orb.
     0 | D:1      | Reached XP level 1. HP: 10/10 MP: 6/6
   267 | D:1      | Reached XP level 2. HP: 15/15 MP: 5/8
   602 | D:1      | Reached skill level 5 in Conjurations
  1231 | D:2      | Reached XP level 3. HP: 19/19 MP: 6/9
  2071 | D:2      | Learned a level 2 spell: Searing Ray
  2853 | D:3      | Reached XP level 4. HP: 22/24 MP: 4/11
  3184 | D:3      | Reached XP level 5. HP: 28/28 MP: 4/13
  3507 | D:4      | Noticed Blork the orc
  3519 | D:4      | Killed Blork the orc
  3520 | D:4      | Reached skill level 5 in Spellcasting
  3595 | D:4      | Found a shimmering blue altar of Sif Muna.
  3648 | D:4      | Reached XP level 6. HP: 30/32 MP: 8/15
  4115 | D:4      | Noticed an ice beast
  4144 | D:4      | Killed an ice beast
  4360 | D:4      | Noticed Menkaure
  4364 | D:4      | Killed Menkaure
  4365 | D:4      | Reached XP level 7. HP: 37/37 MP: 12/18
  4599 | D:4      | Got the Omnibus of the Creative Dragon
  4913 | D:4      | Found a staircase to the Ecumenical Temple.
  5127 | D:5      | Entered Level 5 of the Dungeon
  5238 | D:5      | Noticed a steam dragon
  5244 | D:5      | Killed a steam dragon
  5602 | D:5      | Reached skill level 1 in Fighting
  5602 | D:5      | Reached XP level 8. HP: 38/43 MP: 9/21
  5616 | D:5      | Found a glowing drain.
  5621 | Sewer    | Entered a sewer
  5924 | Sewer    | Found a white marble altar of Elyvilon.
  6246 | D:5      | Noticed Ijyb
  6461 | D:5      | Noticed Duvessa
  6473 | D:4      | Learned a level 3 spell: Dazzling Flash
  6491 | D:5      | Noticed Dowan
  6492 | D:5      | Noticed Eustachio
  6598 | D:5      | Found Uwkegy's Serpentskin Sales.
  6626 | D:5      | Killed Eustachio
  6814 | D:5      | Killed Duvessa
  6854 | D:5      | HP: 1/43 [Dowan/+4 antimagic dagger (4)]
  6860 | D:5      | Killed from afar by Dowan

Illustrated notes

Levels and vault maps discovered:
D:1:      heliophobic_arrival_henge, layout_loops_ring, chequers_avenue,
          minmay_misc_feat_pillars
D:2:      layout_basic
D:3:      layout_loops_corners
D:4:      kennysheep_kobold_camp, layout_loops_ring, tgw_sif,
          minmay_temple_entry_poolview, uniq_menkaure
D:5:      layout_loops_ring, serial_rivers, chequers_serial_rivers_micro_b,
          chequers_serial_rivers_micro_c, chequers_serial_rivers_micro_d,
          chequers_serial_rivers_small_a, chequers_serial_rivers_micro_d,
          portal_sewer_entry_e, guppyfry_shop_venom, uniq_duvessa,
          uniq_crazy_yiuf_cottage, uniq_ijyb, uniq_eustachio

Skill      XL: |  1  2  3  4  5  6  7  8 |
---------------+-------------------------+-----
Conjurations   | 5 6 7 8 9 |  9.2
Stealth        | 3 4 |  4.9
Spellcasting   | 4 5 6 7 9 |  9.5
Dodging        | 3 |  3.3
Fighting       | 1 |  1.3
Hexes          | |  0.4

Action                     |  1- 3 |  4- 6 |  7- 9 || total
---------------------------+-------+-------+-------++-------
  Melee: Unarmed           |       |     4 |       ||     4
   Cast: Magic Dart        |    94 |    75 |   140 ||   309
         Searing Ray       |     1 |     7 |    13 ||    21
         Dazzling Flash    |       |       |     7 ||     7
  Evoke: Wand              |       |       |     1 ||     1
    Use: Potion            |       |       |     3 ||     3
 Armour: Robe              |     5 |    22 |     1 ||    28
         Steam dragon scal |       |       |    44 ||    44
  Dodge: Dodged            |     9 |    11 |    35 ||    55

Table legend: (Time is in decaauts)
 A = Elapsed time spent in this place.
 B = Non-inter-level travel time spent in this place.
 C = Inter-level travel time spent in this place.
 D = Time resting spent in this place.
 E = Time spent auto-exploring this place.
 F = Levels seen in this place.
 G = Mean time per level.
                   A        B        C        D        E       F      G
               +--------+--------+--------+--------+--------+-----+--------+
         Total |   6892 |   6739 |    153 |      0 |   5899 |   6 | 1148.7 |
       Dungeon |   6522 |   6369 |    153 |      0 |   5604 |   5 | 1304.4 |
         Sewer |    369 |    369 |      0 |      0 |    295 |   1 |  369.0 |
               +--------+--------+--------+--------+--------+-----+--------+

Top non-repeatable levels by time:
     D:4: 1896 daAuts
     D:3: 1362 daAuts
     D:5: 1180 daAuts
     D:2: 1176 daAuts
     D:1: 906 daAuts
   Sewer: 369 daAuts
